 Dungeon Crawl Stone Soup version 0.23.0 (webtiles) character file.

Game seed: 13414693069868483703

452 ohad the Changer (level 6, 0/45 HPs)
             Began as a Demonspawn Transmuter on Feb 14, 2019.
             Slain by an iguana (15 damage)
             ... on level 4 of the Dungeon.
             The game lasted 00:08:47 (4055 turns).

ohad the Changer (Demonspawn Transmuter)            Turns: 4055, Time: 00:08:48

Health: 0/45       AC:  2    Str: 10    XL:     6   Next: 75%
Magic:  6/9        EV: 19    Int: 17    God:
Gold:   157        SH:  0    Dex: 21    Spells: 3/9 levels left

rFire    . . .     SeeInvis .     - Unarmed
rCold    . . .     Gourm    .   (shield currently unavailable)
rNeg     . . .     Faith    .   (armour currently unavailable)
rPois    x         Spirit   .   (helmet currently unavailable)
rElec    .         Reflect  .   (cloak currently unavailable)
rCorr    .         Harm     .   (gloves currently unavailable)
MR       .....                  (boots currently unavailable)
Stlth    ++........             (no amulet)
HPRegen  0.15/turn              w - +3 ring of dexterity
MPRegen  0.11/turn              (no ring)

@: spider-form
A: tiny, rugged brown scales 2, freezing cloud immunity
a: End Transformation


You were on level 4 of the Dungeon.
You were very hungry.
You were a venomous arachnid creature.
You visited 1 branch of the dungeon, and saw 4 of its levels.

You collected 157 gold pieces.

Inventory:

Missiles
 a - 12 arrows
 l - 16 bolts
Armour
 b - a +0 robe (melded)
 e - a +0 helmet
 h - a +0 pair of gloves (melded)
 i - a +0 leather armour
 q - a +0 ring mail
Jewellery
 w - a +3 ring of dexterity (left front leg)
 y - an uncursed amulet of harm {unknown}
Scrolls
 c - a scroll of fear {unknown}
 f - a scroll of identify {unknown}
 g - 2 scrolls of amnesia {unknown}
 j - a scroll of immolation {unknown}
 k - 4 scrolls of teleportation {unknown}
 o - a scroll of fog {unknown}
 r - 5 scrolls of remove curse {unknown}
 s - 2 scrolls of magic mapping {unknown}
 u - a scroll of random uselessness {unknown}
 v - a scroll of noise {unknown}
Potions
 m - a potion of lignification {unknown}
 n - a potion of flight {unknown}
 p - a potion of haste {unknown}
 t - a potion of curing {unknown}
 x - a potion of ambrosia {unknown}
Comestibles
 d - 7 rations


   Skills:
 - Level 1.0 Fighting
 - Level 1.7 Dodging
 - Level 2.6 Unarmed Combat
 - Level 2.0 Spellcasting
 + Level 6.7 Transmutations


You had 3 spell levels left.
You knew the following spells:

 Your Spells              Type           Power        Failure   Level  Hunger
a - Beastly Appendage     Tmut           ###...       6%          1    #......
b - Sticks to Snakes      Tmut           ###.....     8%          2    ###....
c - Spider Form           Tmut/Pois      ##........   32%         3    ###....

Your spell library contained the following spells:

 Spells                   Type           Power        Failure   Level  Hunger
 Confusing Touch          Hex            #.....       38%         1    #......
 Confuse                  Hex            #.......     71%         3    ###....
 Gell's Gravitas          Tloc           #.........   71%         3    ###....
 Blade Hands              Tmut           ###.......   54%         5    ######.
 Ice Form                 Ice/Tmut       ##......     65%         4    #####..
 Petrify                  Tmut/Erth      ##......     65%         4    #####..
 Yara's Violent Unravell  Hex/Tmut       ##........   92%         5    ######.
 Metabolic Englaciation   Hex/Ice        #.........   100%        5    ######.


Dungeon Overview and Level Annotations

Branches:
Dungeon (4/15)
 Temple: D:4-7

Altars:
Fedhas
Qazlal

Shops:
D:4 *


Innate Abilities, Weirdness & Mutations

((You have a pair of small horns on your head.))
(You are mostly covered in rugged brown scales. (AC +2, +5% HP))
((Your flesh is cold resistant. (rC+)))
You are immune to freezing clouds.


Message History

Your +0 pair of gloves melds into your body.
Your +0 robe melds into your body.
The iguana hisses angrily.
The iguana bites you.
You hit the iguana.
The iguana is poisoned.
The iguana is lightly wounded.
The iguana completely misses you.
You hit the iguana but do no damage.
The iguana is moderately wounded.
The iguana bites you!
You barely miss the iguana.
The iguana is heavily wounded.
The iguana closely misses you.
You barely miss the iguana.
The iguana is heavily wounded.
The iguana misses you.
You hit the iguana but do no damage.
The iguana looks as sick as possible!
The iguana is severely wounded.
The iguana bites you!
You die...

#.......# #....
#.......###.....
#######.........#.....
#.....................
####..................
##.##...............#
##.###..............##
#..##...............#
##.###s..............#
#..# #l#####.....>...#
#..# #.# ###......##
#.## #.# ##.....# #.##
#.. ##....# ##..# ##.
##...# #...## .
###.### #....# ##
#.... #....# #####


You could see an iguana.

Vanquished Creatures
  Menkaure (D:4)
  A black bear (D:4)
  A scorpion (D:4)
  A hound (D:4)
  Terence (D:2)
  7 adders
  4 worms
  2 dart slugs
  2 leopard geckos
  An orc (D:3)
  7 bats
  5 giant cockroaches
  4 goblins
  7 hobgoblins
  3 jackals (D:3)
  5 kobolds
  2 quokkas
  A ball python (D:3)
  4 frilled lizards
  2 rats
61 creatures vanquished.

Notes
Turn   | Place    | Note
-------+----------+-------------------------------------------
     0 | D:1      | ohad the Demonspawn Transmuter began the quest for the Orb.
     0 | D:1      | Reached XP level 1. HP: 15/15 MP: 3/3
    64 | D:1      | Reached skill level 2 in Transmutations
   356 | D:1      | Gained mutation: You are partially covered in rugged brown
                  | scales. (AC +1, +3% HP) [demonic ancestry]
   356 | D:1      | Reached XP level 2. HP: 15/21 MP: 3/5
   945 | D:2      | Reached skill level 3 in Transmutations
   945 | D:2      | Gained mutation: Your flesh is cold resistant. (rC+)
                  | [demonic ancestry]
   945 | D:2      | Reached XP level 3. HP: 23/26 MP: 6/6
  1472 | D:2      | Learned a level 2 spell: Sticks to Snakes
  1476 | D:2      | Learned a level 3 spell: Spider Form
  1705 | D:2      | Found a faded altar of an unknown god.
  1734 | D:2      | Reached skill level 4 in Transmutations
  1734 | D:2      | Gained mutation: You are mostly covered in rugged brown
                  | scales. (AC +2, +5% HP) [demonic ancestry]
  1734 | D:2      | Reached XP level 4. HP: 19/33 MP: 5/7
  1972 | D:2      | Noticed an earth elemental
  1973 | D:2      | Found a stormy altar of Qazlal.
  1990 | D:2      | Noticed a fire elemental
  1990 | D:2      | Noticed an air elemental
  1990 | D:2      | Noticed a water elemental
  2039 | D:2      | Found a blossoming altar of Fedhas.
  2270 | D:2      | Noticed Terence
  2279 | D:2      | Killed Terence
  3133 | D:3      | Gained mutation: You have a pair of small horns on your
                  | head. [demonic ancestry]
  3133 | D:3      | Reached XP level 5. HP: 38/38 MP: 6/8
  3433 | D:3      | Reached skill level 5 in Transmutations
  3700 | D:4      | Noticed a phantom
  3798 | D:4      | Found Siopuxto's Lightly-Used Armoury.
  3801 | D:4      | Noticed Menkaure
  3814 | D:4      | Killed Menkaure
  3814 | D:4      | Reached skill level 6 in Transmutations
  3814 | D:4      | Gained mutation: You are immune to freezing clouds.
                  | [demonic ancestry]
  3814 | D:4      | Reached XP level 6. HP: 35/45 MP: 2/9
  4055 | D:4      | Slain by an iguana

Skill      XL: |  1  2  3  4  5 |
---------------+----------------+-----
Transmutations | 2 3 4 6 |  6.7
Fighting       | |  1.0
Dodging        | |  1.7
Unarmed Combat | |  2.6
Spellcasting   | |  2.0

Action                   |  1- 3 |  4- 6 || total
-------------------------+-------+-------++-------
Melee: Unarmed           |   128 |   189 ||   317
       Kick              |    13 |    23 ||    36
       Headbutt          |     1 |     3 ||     4
 Cast: Beastly Appendage |    14 |     9 ||    23
       Spider Form       |       |     8 ||     8
 Stab: Sleeping          |       |     1 ||     1
  Eat: Chunk             |     3 |     8 ||    11
Armor: Robe              |    40 |    32 ||    72
       Skin              |       |     3 ||     3
Dodge: Dodged            |    97 |   126 ||   223
